cohdb
Replays
Latest Replays
All Replays
Popular Replays
Top Player Replays
Match Explorer
How It Works
Community
CoH3 Stats
Reddit
Sign in to upload your games and track your stats! →
Sign in with Steam
Match 41216125
Unlisted
Match 41216125
Overview
Messages
Build Orders
End
Kettenkrad Recon Vehicle
Construct Infanterie Kompanie
Selects Italian Coastal Battlegroup
Selects Coastal Reserves
Coastal Reserve
MG 42 Machine Gun Team
Coastal Reserve
Coastal Reserve
MG 42 Bunker
Construct Panzergrenadier Kompanie
MG 42 Bunker
Pak 40 Anti-tank Gun Team
Medical Station
251 Medium Carrier
Selects Support Bunkers
Selects Rapid Fortifications
MapSimulatorEnthusiast
LeaveANegativeComment
Bobokhan
A4ELOVEKMALEKULA
Lynx
Lyara
김문상
ixo4567
0
0
Comments
sign in to comment!
No comments posted yet!